Get step-by-step instructions on how to execute this build order below. Start the game timer, and the build order will tick by so you can play in parallel with StarCraft on a second screen or mobile device.

Game Time

  0:00

Last Step

  N/A

Next Step

Upcoming Step



Don't want to look back and forth between 2 screens? Try out our Overwolf App, the Spawning Tool Build Advisor to get an in-game overlay with this build!

Complete Build Order

  12  0:00  SCV  
  13  0:12  SCV  
  14  0:24  Supply Depot  
  14  0:25  SCV  
  15  0:30  Refinery  
  15  0:45  SCV  
  15  0:49  Barracks  
  16  0:57  SCV  
  17  1:09  SCV  
  18  1:22  SCV  
  19  1:36  Barracks Reactor  
  19  1:43  Orbital Command  
  19  1:55  Supply Depot  
  19  2:12  Command Center  
  19  2:16  Factory  
  19  2:19  Marine x2  
  21  2:48  Marine x2  
  23  2:56  Refinery  
  23  3:01  SCV, Supply Depot  
  24  3:06  Marine x2  
  26  3:24  Marine x2, Starport  
  28  3:42  Marine  
  28  3:43  Marine  
  28  3:45  Factory Tech Lab  
  28  3:47  SCV  
  31  4:02  SCV  
  32  4:07  Starport Reactor  
  32  4:15  Engineering Bay  
  32  4:17  Siege Tank  
  32  4:20  SCV  
  36  4:30  Orbital Command  
  36  4:32  SCV  
  37  4:43  Medivac  
  39  4:45  Medivac  
  41  4:56  SCV  
  42  5:08  SCV  
  42  5:13  Medivac  
  45  5:15  Medivac  
  47  5:32  Armory  
  47  5:36  Missile Turret  
  47  6:12  Marine x2  
  47  6:14  Siege Tank  
  43  6:30  Marine x2  
  44  6:46  Siege Tank  
  47  6:48  Marine x2  
  49  7:00  Supply Depot  
  49  7:05  Marine  
  49  7:06  Marine  
  51  7:20  Medivac  
  51  7:21  Medivac  
  55  7:23  Marine x2  
  57  7:41  Marine x2  
  59  7:52  SCV x2  
  61  7:59  Marine  
  62  8:06  Supply Depot  
  62  8:25  SCV x2  
  62  8:27  Marine x2  
  54  8:37  SCV  
  54  8:39  Siege Tank  
  53  8:44  Marine  
  53  8:45  Marine  
  54  8:49  SCV  
  52  9:02  Marine  
  52  9:03  SCV  
  52  9:08  Refinery  
  50  9:25  SCV  
  50  9:29  Command Center  
  51  9:37  SCV  
  36  10:15  Marine x2  
  36  10:16  Siege Tank  
  34  10:32  Marine  
  34  10:33  Marine  
  32  10:50  Marine